 Dungeon Crawl Stone Soup version 0.28.0-53-g5a82cb258f (webtiles) character file.

Game seed: 661803218934701285

485 issech the Chopper (level 6, -1/56 HPs)
             Began as a Minotaur Monk on June 6, 2022.
             Slain by Edmund
             ... wielding a +3 dire flail of protection
              (12 damage)
             ... on level 4 of the Dungeon.
             The game lasted 00:17:11 (4107 turns).

issech the Chopper (Minotaur Monk)                  Turns: 4107, Time: 00:17:13

Health: -1/56      AC:  6    Str: 16    XL:     6   Next: 88%
Magic:  5/5        EV: 11    Int:  7    God:
Gold:   210        SH:  0    Dex: 14    Spells: 5/5 levels left

rFire   . . .      SeeInvis .   b - +1 war axe (vamp)
rCold   . . .      Faith    .   (no shield)
rNeg    . . .      Spirit   .   e - +0 scale mail
rPois   .          Reflect  .   (helmet restricted)
rElec   .          Harm     .   (no cloak)
rCorr   .          Rampage  .   (no gloves)
Will    .....                   (no boots)
Stlth   +.........              (no amulet)
HPRegen 0.18/turn               (no ring)
MPRegen 0.09/turn               (no ring)

@: no status effects
A: horns 2, retaliatory headbutt
a: no special abilities


You were on level 4 of the Dungeon.
You visited 1 branch of the dungeon, and saw 4 of its levels.

You collected 210 gold pieces.

Inventory:

Hand Weapons
 b - a +1 vampiric war axe (weapon)
 m - a +2 whip of holy wrath
 p - a +0 hand axe of flaming
 q - a +0 scythe
 w - a +0 hunting sling
 y - a +0 war axe
Missiles
 i - 40 arrows
 k - 2 curare-tipped darts
 l - 83 stones (quivered)
 r - 5 poisoned darts
 s - 23 sling bullets
Armour
 e - a +0 scale mail (worn)
Jewellery
 z - a ring of magical power
Scrolls
 c - 2 scrolls of noise {unknown}
 f - a scroll of vulnerability {unknown}
 h - 3 scrolls of identify {unknown}
 n - a scroll of brand weapon {unknown}
 t - a scroll of magic mapping {unknown}
 v - a scroll of teleportation {unknown}
 x - a scroll of amnesia {unknown}
Potions
 a - 2 potions of attraction {unknown}
 d - 4 potions of curing {unknown}
 g - 2 potions of mutation {unknown}
 j - 2 potions of brilliance {unknown}
 o - 2 potions of might {unknown}
 u - a potion of magic {unknown}


   Skills:
 + Level 5.0 Fighting
 + Level 5.1(5.9) Axes
 + Level 4.3(5.5) Maces & Flails
 + Level 3.3 Armour
 + Level 4.5 Dodging
 + Level 2.1 Stealth


You had 5 spell levels left.
You didn't know any spells.
Your spell library contained the following spells:

 Spells                   Type           Power      Damage    Failure   Level
 Gell's Gravitas          Tloc           0%         N/A       99%         3
 Teleport Other           Tloc           0%         N/A       99%         3
 Dispersal                Tloc           0%         N/A       100%        6


Dungeon Overview and Level Annotations

Branches:
Dungeon (4/15)
 Temple: D:4-7

Altars:
Nemelex Xobeh
Xom

Annotations:
D:4 Edmund


Innate Abilities, Weirdness & Mutations

You have a pair of horns on your head.
You reflexively headbutt those who attack you in melee.


Message History

You see here a dart slug corpse.
The orc misses you. The orc hits you but does no damage.
You hit Edmund.
You feel better.
You headbutt Edmund!
Edmund is heavily wounded.
You slash the orc!
You feel better.
You kill the orc!
Edmund barely misses you.
You slash Edmund!
You feel better.
You headbutt Edmund, but do no damage.
Edmund is severely wounded.
Edmund closely misses you.
You hit Edmund but do no damage.
Edmund is severely wounded.
Edmund barely misses you.
You hit Edmund but do no damage.
Edmund is severely wounded.
Edmund closely misses you. You furiously retaliate!
You headbutt Edmund. Edmund hits you but does no damage.
You slash Edmund! You headbutt Edmund, but do no damage.
Edmund is severely wounded.
Edmund barely misses you.
You hit Edmund but do no damage. You headbutt Edmund, but do no damage.
Edmund is severely wounded.
Edmund barely misses you. You furiously retaliate!
You headbutt Edmund, but do no damage. You hit Edmund.
Edmund is almost dead.
Edmund hits you with a +3 dire flail of protection!
You closely miss Edmund.
Edmund is almost dead.
Edmund closely misses you.
You barely miss Edmund. You headbutt Edmund.
Edmund is almost dead.
Edmund hits you with a +3 dire flail of protection!
* * * LOW HITPOINT WARNING * * *
Edmund barely misses you.
You hit Edmund but do no damage.
Edmund is almost dead.
Edmund hits you with a +3 dire flail of protection!
You die...

#...... #.........
#...... #.........
.#......
#.............#..##
####.......##..#...#..
#........##..#...#...#
#........#.#...#...#..
#........#...#...#...#
#....@@..#.#...#...#..
#.....)......#...#...#
#..........#...#...#..
#.......†....#...#...#
#..........#...#...#..
#........##..#...#...#
#........###...#...#..
#........# #.....#..#.
#........# #......####


You could see Edmund.

Vanquished Creatures
  Sigmund (D:3)
  A phantom (D:4)
  A scorpion (D:4)
  2 orc priests (D:4)
  A jelly (D:4)
  A howler monkey zombie (D:4)
  An ufetubus (D:4)
  A worm (D:2)
  5 dart slugs
  7 orcs
  5 ball pythons
  7 bats
  13 endoplasms
  5 giant cockroaches
  2 goblins
  4 hobgoblins
  3 jackals (D:1)
  5 kobolds
  4 quokkas
  4 frilled lizards
  3 rats
76 creatures vanquished.

Vanquished Creatures (others)
  2 plants (D:3)
2 creatures vanquished.

Grand Total: 78 creatures vanquished

Notes
Turn   | Place    | Note
-------+----------+-------------------------------------------
     0 | D:1      | issech the Minotaur Monk began the quest for the Orb.
     0 | D:1      | Reached XP level 1. HP: 19/19 MP: 0/0
    89 | D:1      | You fall into a shaft and drop 1 floor!
   236 | D:2      | Reached XP level 2. HP: 20/27 MP: 1/1
   538 | D:1      | Reached XP level 3. HP: 33/33 MP: 2/2
  1446 | D:2      | Found a shimmering altar of Xom.
  1530 | D:2      | Found a faded altar of an unknown god.
  1551 | D:2      | Reached XP level 4. HP: 36/40 MP: 3/3
  2151 | D:3      | Found a sparkling altar of Nemelex Xobeh.
  2223 | D:3      | Noticed Sigmund
  2438 | D:3      | Killed Sigmund
  2439 | D:3      | Reached skill level 5 in Axes
  2439 | D:3      | Reached XP level 5. HP: 30/47 MP: 4/4
  2630 | D:3      | Found Targh's Distillery.
  3235 | D:4      | Reached XP level 6. HP: 39/53 MP: 5/5
  4018 | D:4      | Noticed Edmund
  4021 | D:4      | Reached skill level 5 in Fighting
  4107 | D:4      | Slain by Edmund

Illustrated notes

Levels and vault maps discovered:
D:1:      wander_arrival_peaceful_grave, layout_basic, minmay_parallelograms
D:2:      layout_basic, basic_altar, hellmonk_ecumenical_altar_zigzags
D:3:      cheibrodos_old_hovel, layout_loops_cross, nemelex_spade_bored_becter,
          serial_shops, shop_statue, uniq_sigmund
D:4:      layout_basic, fedhas_altar_fruit_tree, minmay_misc_feat_more_columns,
          grunt_ministairs_2, hex_medium, grunt_tough_drop, uniq_edmund

Skill      XL: |  1  2  3  4  5  6 |
---------------+-------------------+-----
Axes           | 4 5 |  5.1
Fighting       | 4 5 |  5.0
Dodging        | 4 |  4.5
Maces & Flails | 2 3 4 |  4.3
Armour         | 2 3 |  3.3
Stealth        | 2 |  2.1

Action                   |  1- 3 |  4- 6 || total
-------------------------+-------+-------++-------
Melee: Hand axe          |    81 |       ||    81
       Headbutt          |    13 |    15 ||    28
       Whip              |    28 |    43 ||    71
       Punch             |     1 |       ||     1
       War axe           |       |    47 ||    47
 Stab: Sleeping          |     3 |       ||     3
Armor: Robe              |    17 |       ||    17
       Leather armour    |    13 |       ||    13
       Ring mail         |    10 |    13 ||    23
       Scale mail        |       |    13 ||    13
Dodge: Dodged            |    70 |    63 ||   133
